BSA
HOUSTON MARSHALS @ SPRINGFIELD STARS
08/08/2030
 
TOP OF THE 1ST
Houston Marshals batting - Pitching for Springfield Stars : RHP Kyu-pyeong Pak
Pitching: RHP Kyu-pyeong Pak
Batting: LHB Guy Moss 0-0: Called Strike
0-1: Ball
1-1: Swinging Strike
1-2: Ball
2-2: Strikes out looking
Batting: SHB Ramón Lugo 0-0: Ball
1-0: Ground out 4-3 (Groundball, 4S)
Batting: LHB José Rodríguez 0-0: Ball
1-0: Foul Ball, location: 2F
1-1: Fly out, F9 (Line Drive, 9S)
Top of the 1st over - 0 runs, 0 hits, 0 errors, 0 left on base; Houston 0 - Springfield 0
BOTTOM OF THE 1ST
Springfield Stars batting - Pitching for Houston Marshals : RHP Jim Fitzgerald
Pitching: RHP Jim Fitzgerald
Batting: RHB Norberto Taváres 0-0: Ball
1-0: Foul Ball, location: 2F
1-1: Fly out, F8 (Flyball, 78D)
Batting: RHB Gabriel Erwin 0-0: Ball
1-0: TRIPLE (Flyball, 8LXD)
Batting: LHB Derek Davidson 0-0: Ball
1-0: Ball
2-0: Fly out, F5 (Flyball, 5D)
Batting: LHB Elliott Newell 0-0: Ball
1-0: Called Strike
1-1: Foul Ball, location: 2F
1-2: Ball
2-2: Foul Ball, location: 2F
2-2: Fly out, F8 (Flyball, 8LS)
Bottom of the 1st over - 0 runs, 1 hit, 0 errors, 1 left on base; Houston 0 - Springfield 0
TOP OF THE 2ND
Houston Marshals batting - Pitching for Springfield Stars : RHP Kyu-pyeong Pak
Batting: SHB Juan Gómez 0-0: Fly out, F7 (Flyball, 7S)
Batting: SHB Álex Rosado 0-0: Swinging Strike
0-1: Fly out, F8 (Flyball, 8LS)
Batting: LHB Bernardo Morales 0-0: Foul Ball, location: 2F
0-1: Called Strike
0-2: Ball
1-2: Ball
2-2: Foul Ball, location: 2F
2-2: Strikes out swinging
Top of the 2nd over - 0 runs, 0 hits, 0 errors, 0 left on base; Houston 0 - Springfield 0
BOTTOM OF THE 2ND
Springfield Stars batting - Pitching for Houston Marshals : RHP Jim Fitzgerald
Batting: SHB António De La Cruz 0-0: Ball
1-0: Foul Ball, location: 2F
1-1: Ball
2-1: Foul Ball, location: 2F
2-2: Ball
3-2: Foul Ball, location: 2F
3-2: Base on Balls
Batting: RHB Calvin Bennett 0-0: Called Strike
0-1: Ball
1-1: Swinging Strike
1-2: Foul Ball, location: 2F
1-2: Fly out, F7 (Flyball, 78D)
Batting: RHB Juan Carlos Rodríguez 0-0: Ball
1-0: Called Strike
1-1: Ball
2-1: Ball
3-1: SINGLE (Flyball, 9S)
António De La Cruz to second
Runner from 2nd tries for 3rd, SAFE, no throw
Batting: RHB Dave Henderson 0-0: Called Strike
0-1: Fly out, F9 (Flyball, 9LSF)
Runner from 3rd tags up, SCORES, no throw
Batting: RHB José López 0-0: Called Strike
0-1: Ball
1-1: Ball
2-1: Called Strike
2-2: Foul Ball, location: 2F
2-2: Ball
3-2: Strikes out swinging
Bottom of the 2nd over - 1 run, 1 hit, 0 errors, 1 left on base; Houston 0 - Springfield 1
TOP OF THE 3RD
Houston Marshals batting - Pitching for Springfield Stars : RHP Kyu-pyeong Pak
Batting: LHB Sammy Marshall 0-0: Foul Ball, location: 2F
0-1: Foul Ball, location: 2F
0-2: Ground out 4-3 (Groundball, 4)
Batting: LHB Matt Smith 0-0: Ground out 1-3 (Groundball, 15S)
Batting: RHB Barney Lawson 0-0: Called Strike
0-1: Foul Ball, location: 2F
0-2: Ground out 6-3 (Groundball, 6)
Top of the 3rd over - 0 runs, 0 hits, 0 errors, 0 left on base; Houston 0 - Springfield 1
BOTTOM OF THE 3RD
Springfield Stars batting - Pitching for Houston Marshals : RHP Jim Fitzgerald
Batting: RHB Norberto Taváres 0-0: Foul Ball, location: 2F
0-1: Ball
1-1: Ball
2-1: Ball
3-1: Base on Balls
Batting: RHB Gabriel Erwin 0-0: Ball
1-0: Ball
2-0: Foul Ball, location: 2F
2-1: Ball
3-1: Fly out, F8 (Flyball, 8LD)
Batting: LHB Derek Davidson 0-0: Ball
1-0: Called Strike
Norberto Taváres steals 2nd base
1-1: Ball
2-1: Called Strike
2-2: Ball
3-2: Fly out, F8 (Line Drive, 89XD)
Runner from 2nd tags up, SAFE at 3rd, no throw
Now in CF: Javier Rentería
Batting: LHB Elliott Newell 0-0: 2-RUN HOME RUN (Flyball, 89XD), Distance : 426 ft
Batting: SHB António De La Cruz 0-0: Ball
1-0: SINGLE (Groundball, 34D)
Batting: RHB Calvin Bennett 0-0: Foul Ball, location: 2F
0-1: Ball
1-1: Ball
2-1: SINGLE (Groundball, 34D)
António De La Cruz to second
Runner from 2nd tries for 3rd, SAFE, no throw
Batting: RHB Juan Carlos Rodríguez 0-0: Called Strike
0-1: Ball
1-1: Called Strike
1-2: Strikes out looking
Bottom of the 3rd over - 2 runs, 3 hits, 0 errors, 2 left on base; Houston 0 - Springfield 3
TOP OF THE 4TH
Houston Marshals batting - Pitching for Springfield Stars : RHP Kyu-pyeong Pak
Batting: LHB Guy Moss 0-0: DOUBLE (Line Drive, 7LD)
Batting: SHB Ramón Lugo 0-0: Ball
Guy Moss is caught stealing 3rd base
1-0: Foul Ball, location: 2F
1-1: Swinging Strike
1-2: Ball
2-2: Ball
3-2: Base on Balls
Batting: LHB José Rodríguez 0-0: Fly out, F8 (Flyball, 8LM)
Batting: SHB Juan Gómez 0-0: Called Strike
0-1: Foul Ball, location: 2F
0-2: Ground out 4-3 (Groundball, 4)
Top of the 4th over - 0 runs, 1 hit, 0 errors, 1 left on base; Houston 0 - Springfield 3
BOTTOM OF THE 4TH
Springfield Stars batting - Pitching for Houston Marshals : RHP Jim Fitzgerald
Batting: RHB Dave Henderson 0-0: Ball
1-0: Ground out 5-3 (Groundball, 5L)
Batting: RHB José López 0-0: Ball
1-0: Ground out 4-3 (Groundball, 4)
Batting: RHB Norberto Taváres 0-0: Ball
1-0: Called Strike
1-1: Ball
2-1: Ball
3-1: Base on Balls
Batting: RHB Gabriel Erwin 0-0: SINGLE (Groundball, 6MD)
Norberto Taváres to second
Runner from 2nd tries for 3rd, SAFE, throw made to third
Batting: LHB Derek Davidson 0-0: Ball
1-0: Called Strike
1-1: Ball
2-1: Ball
3-1: Ground out 4-3 (Groundball, 34)
Bottom of the 4th over - 0 runs, 1 hit, 0 errors, 2 left on base; Houston 0 - Springfield 3
TOP OF THE 5TH
Houston Marshals batting - Pitching for Springfield Stars : RHP Kyu-pyeong Pak
Batting: RHB Javier Rentería 0-0: Ball
1-0: Called Strike
1-1: Called Strike
1-2: Foul Ball, location: 2F
1-2: Ball
2-2: Foul Ball, location: 2F
2-2: Strikes out looking
Batting: LHB Bernardo Morales 0-0: Ball
1-0: Called Strike
1-1: Called Strike
1-2: Strikes out looking
Batting: LHB Sammy Marshall 0-0: Ball
1-0: Ball
2-0: Swinging Strike
2-1: Ground out 4-3 (Groundball, 4)
Top of the 5th over - 0 runs, 0 hits, 0 errors, 0 left on base; Houston 0 - Springfield 3
BOTTOM OF THE 5TH
Springfield Stars batting - Pitching for Houston Marshals : RHP Jim Fitzgerald
Batting: LHB Elliott Newell 0-0: Ball
1-0: Ball
2-0: Ball
3-0: Base on Balls
Batting: SHB António De La Cruz 0-0: Called Strike
0-1: Fly out, F5 (Line Drive, 56S)
Batting: RHB Calvin Bennett 0-0: Fly out, F7 (Flyball, 7D)
Batting: RHB Juan Carlos Rodríguez 0-0: Ball
1-0: Fly out, F8 (Flyball, 8LM)
Bottom of the 5th over - 0 runs, 0 hits, 0 errors, 1 left on base; Houston 0 - Springfield 3
TOP OF THE 6TH
Houston Marshals batting - Pitching for Springfield Stars : RHP Kyu-pyeong Pak
Batting: LHB Matt Smith 0-0: Swinging Strike
0-1: Ball
1-1: Called Strike
1-2: Strikes out swinging
Batting: RHB Barney Lawson 0-0: Swinging Strike
0-1: Foul Ball, location: 2F
0-2: SINGLE (Line Drive, 8LS)
Batting: LHB Guy Moss 0-0: Swinging Strike
0-1: Called Strike
0-2: Strikes out looking
Batting: SHB Ramón Lugo 0-0: Ball
1-0: Called Strike
1-1: Swinging Strike
1-2: Strikes out swinging
Top of the 6th over - 0 runs, 1 hit, 0 errors, 1 left on base; Houston 0 - Springfield 3
BOTTOM OF THE 6TH
Springfield Stars batting - Pitching for Houston Marshals : RHP Jim Fitzgerald
Batting: RHB Dave Henderson 0-0: Ball
1-0: Ground out 6-3 (Groundball, 6)
Batting: RHB José López 0-0: Ground out 6-3 (Groundball, 56)
Batting: RHB Norberto Taváres 0-0: Called Strike
0-1: Ground out 4-3 (Groundball, 4)
Bottom of the 6th over - 0 runs, 0 hits, 0 errors, 0 left on base; Houston 0 - Springfield 3
TOP OF THE 7TH
Houston Marshals batting - Pitching for Springfield Stars : RHP Kyu-pyeong Pak
Batting: LHB José Rodríguez 0-0: Called Strike
0-1: Ball
1-1: Ball
2-1: Ball
3-1: Foul Ball, location: 2F
3-2: Strikes out swinging
Batting: SHB Juan Gómez 0-0: Called Strike
0-1: Ball
1-1: Ground out 5-3 (Groundball, 5)
Batting: RHB Javier Rentería 0-0: Ball
1-0: Foul Ball, location: 2F
1-1: Ground out 4-3 (Groundball, 4)
Top of the 7th over - 0 runs, 0 hits, 0 errors, 0 left on base; Houston 0 - Springfield 3
BOTTOM OF THE 7TH
Springfield Stars batting - Pitching for Houston Marshals : RHP Jim Fitzgerald
Pitching: RHP Jim Durham
Batting: RHB Gabriel Erwin 0-0: Ground out 5-3 (Groundball, 56S)
Batting: LHB Derek Davidson 0-0: Called Strike
0-1: Foul Ball, location: 2F
0-2: Ball
1-2: Foul Ball, location: 2F
1-2: Foul Ball, location: 2F
1-2: SOLO HOME RUN (Flyball, 9D), Distance : 350 ft
Batting: LHB Elliott Newell 0-0: Swinging Strike
0-1: Swinging Strike
0-2: Foul Ball, location: 2F
0-2: Ball
1-2: Ball
2-2: Strikes out swinging
Batting: SHB António De La Cruz 0-0: SINGLE (Groundball, 4MD)
Batting: RHB Calvin Bennett 0-0: Called Strike
0-1: Ball
1-1: Ball
2-1: Foul Ball, location: 2F
2-2: SINGLE (Groundball, 34S) (infield hit)
António De La Cruz to second
Batting: RHB Juan Carlos Rodríguez 0-0: Called Strike
0-1: Ball
1-1: Called Strike
1-2: Foul Ball, location: 2F
1-2: Foul Ball, location: 2F
1-2: Ball
2-2: Ball
Wild Pitch!
António De La Cruz to third
Calvin Bennett to second
3-2: Base on Balls
Batting: RHB Dave Henderson 0-0: Called Strike
0-1: Ball
1-1: Fly out, F5 (Line Drive, 56)
Bottom of the 7th over - 1 run, 3 hits, 0 errors, 3 left on base; Houston 0 - Springfield 4
TOP OF THE 8TH
Houston Marshals batting - Pitching for Springfield Stars : RHP Kyu-pyeong Pak
Batting: LHB Bernardo Morales 0-0: Ball
1-0: Called Strike
1-1: Foul Ball, location: 2F
1-2: Strikes out swinging
Batting: LHB Sammy Marshall 0-0: Ball
1-0: Ball
2-0: Foul Ball, location: 2F
2-1: Ball
3-1: SINGLE (Groundball, 34D)
Batting: LHB Matt Smith 0-0: Called Strike
0-1: Called Strike
0-2: Ball
1-2: Ball
2-2: Foul Ball, location: 2F
2-2: DOUBLE (Flyball, 8LXD)
Sammy Marshall to third
Runner from 3rd tries for Home, SAFE, no throw
Pinch Runner at 2nd Esteban Lara:
Batting: RHB Barney Lawson 0-0: Ball
1-0: SINGLE (Line Drive, 8LS)
Esteban Lara to third
Runner from 3rd tries for Home, throw and OUT!
Barney Lawson to second
Pitching: RHP José Valdéz
Batting: LHB Guy Moss 0-0: Foul Ball, location: 2F
0-1: Ball
1-1: Ball
2-1: Foul Ball, location: 2F
2-2: Ball
3-2: Foul Ball, location: 2F
3-2: Foul Ball, location: 2F
3-2: Foul Ball, location: 2F
3-2: Foul Ball, location: 2F
3-2: Foul Ball, location: 2F
3-2: Foul Ball, location: 2F
3-2: Fly out, F8 (Flyball, 8RS)
Top of the 8th over - 1 run, 3 hits, 0 errors, 1 left on base; Houston 1 - Springfield 4
BOTTOM OF THE 8TH
Springfield Stars batting - Pitching for Houston Marshals : RHP Jim Durham
Now at 3B: Esteban Lara
Batting: RHB José López 0-0: Ball
1-0: Fly out, F8 (Flyball, 8LM)
Batting: RHB Norberto Taváres 0-0: Foul Ball, location: 2F
0-1: Swinging Strike
0-2: Ball
1-2: Ball
2-2: Ball
3-2: Foul Ball, location: 2F
3-2: SINGLE (Line Drive, 6M)
Batting: RHB Gabriel Erwin 0-0: Ball
1-0: Called Strike
1-1: Ball
2-1: Called Strike
2-2: Strikes out swinging
Batting: LHB Derek Davidson 0-0: Called Strike
0-1: Ball
1-1: Ball
2-1: DOUBLE (Line Drive, 89D)
Norberto Taváres to third
Batting: LHB Elliott Newell 0-0: Ball
1-0: Ball
2-0: Ball
3-0: Called Strike
3-1: Base on Balls
Batting: SHB António De La Cruz 0-0: Called Strike
0-1: Ball
1-1: Foul Ball, location: 2F
1-2: Foul Ball, location: 2F
1-2: Ball
2-2: Ball
3-2: Foul Ball, location: 2F
3-2: Base on Balls
Norberto Taváres scores
Derek Davidson to third
Elliott Newell to second
Batting: RHB Calvin Bennett 0-0: Ball
1-0: Foul Ball, location: 2F
1-1: Ball
2-1: DOUBLE (Line Drive, 7LM)
Derek Davidson scores
Elliott Newell scores
António De La Cruz to third
Runner from 3rd tries for Home, SAFE, no throw
Batting: RHB Juan Carlos Rodríguez 0-0: Ball
1-0: Ball
2-0: Ball
3-0: Called Strike
3-1: Base on Balls
Batting: RHB Dave Henderson 0-0: Ball
1-0: Swinging Strike
1-1: Called Strike
1-2: Ball
2-2: SINGLE (Groundball, 6D)
Calvin Bennett to third
Juan Carlos Rodríguez to second
Runner from 3rd tries for Home, SAFE, no throw
Batting: RHB José López 0-0: Fielders Choice at 2nd, 5-4 (Groundball, 5L)
Bottom of the 8th over - 5 runs, 4 hits, 0 errors, 2 left on base; Houston 1 - Springfield 9
TOP OF THE 9TH
Houston Marshals batting - Pitching for Springfield Stars : RHP José Valdéz
Batting: SHB Ramón Lugo 0-0: Called Strike
0-1: SINGLE (Line Drive, 4MD)
Batting: LHB José Rodríguez 0-0: Ball
1-0: Ball
2-0: Called Strike
2-1: Swinging Strike
2-2: Strikes out looking
Batting: SHB Juan Gómez 0-0: Foul Ball, location: 2F
0-1: Swinging Strike
0-2: Strikes out swinging
Batting: RHB Javier Rentería 0-0: Called Strike
0-1: Ground out 1-3 (Groundball, 13)
Top of the 9th over - 0 runs, 1 hit, 0 errors, 1 left on base; Houston 1 - Springfield 9
Saturday, April 7th, 2018 - OOTP Baseball 18.8 Build 76